 Dungeon Crawl Stone Soup version 0.23.2-40-g277498a001 (webtiles) character file.

Game seed: 5979529983694237326

20058 Glamhuggeren the Spear-Bearer (level 12, -2/114 HPs)
             Began as a Naga Fighter on Oct 1, 2019.
             Was the Champion of Cheibriados.
             Slain by a dire elephant (3 damage)
             ... while petrified by you
             ... on level 2 of the Lair of Beasts.
             The game lasted 01:07:24 (10432 turns).

Glamhuggeren the Spear-Bearer (Naga Fighter)       Turns: 10432, Time: 01:07:25

Health: -2/114     AC: 16    Str: 39    XL:     12   Next: 75%
Magic:  28/28      EV:  1    Int: 24    God:    Cheibriados [******]
Gold:   859        SH:  0    Dex: 29    Spells: 9/11 levels left

rFire    . . .     SeeInvis +   a - +7 spear of Wu Jian's Regard {drain, MP+9 Str+4}
rCold    . . .     Gourm    .   c - +0 shield
rNeg     + + +     Faith    .   g - +0 troll leather armour
rPois    ∞         Spirit   .   t - +0 helmet
rElec    .         Reflect  .   w - +1 cloak {+Inv}
rCorr    .         Harm     .   u - +0 pair of gloves
MR       +....                  s - +0 naga barding
Stlth    ++++......             n - amulet of regeneration
HPRegen  1.09/turn              M - ring of flight (curse)
MPRegen  0.21/turn              (no ring)

@: petrified, very slow
A: large, see invisible, deformed body, poison resistance, slowness 2, slow
metabolism 1, spit poison 1, AC +4
a: Spit Poison, Bend Time, Temporal Distortion, Slouch, Step From Time, Renounce
Religion, Evoke Invisibility, Evoke Flight


You were on level 2 of the Lair of Beasts.
You worshipped Cheibriados.
Cheibriados was exalted by your worship.
You were not hungry.

You visited 3 branches of the dungeon, and saw 14 of its levels.

You collected 859 gold pieces.

Inventory:

Hand Weapons
 a - the +7 spear of Wu Jian's Regard (weapon) {drain, MP+9 Str+4}
   (You found it on level 5 of the Dungeon)

   A truly terrible weapon, it drains the life of those it strikes.
   It affects your strength (+4).
   It affects your magic capacity (+9).
 b - a +0 hunting sling of velocity
Missiles
 d - 359 stones (quivered)
 m - 12 silver tomahawks
 o - 164 sling bullets
 y - 7 tomahawks of returning
Armour
 c - a +0 shield (worn)
 g - a +0 troll leather armour (worn)
 s - a +0 naga barding (worn)
 t - a +0 helmet (worn)
 u - a +0 pair of gloves (worn)
 w - a +1 cloak of invisibility (worn)
 P - a +1 ring mail of positive energy
Jewellery
 n - an amulet of regeneration (around neck)
 E - a +2 amulet of reflection
 M - a cursed ring of flight (left hand)
Wands
 k - a wand of paralysis (7)
 x - a wand of polymorph (15)
 D - a wand of disintegration (15)
 H - a wand of iceblast (31)
 L - a wand of digging (3)
Scrolls
 p - 3 scrolls of enchant armour
 r - 7 scrolls of amnesia
 z - a scroll of blinking
 A - 5 scrolls of remove curse
 B - 2 scrolls of enchant weapon
 C - 6 scrolls of teleportation
 F - 3 scrolls of identify
 J - a scroll of fog
 O - a scroll of fear {unknown}
 Q - a scroll of magic mapping
Potions
 e - 8 potions of curing
 h - 2 potions of brilliance
 i - 2 potions of resistance
 j - 5 potions of agility
 l - 2 potions of magic
 v - 2 potions of heal wounds
 I - a potion of flight {unknown}
 K - a potion of haste {unknown}
 R - 3 potions of might
Comestibles
 f - 20 rations


   Skills:
 + Level 9.3 Fighting
 - Level 12.0 Polearms
 - Level 5.0 Armour
 - Level 5.1 Stealth
 - Level 9.0 Shields
 + Level 9.5 Invocations


You had 9 spell levels left.
You knew the following spells:

 Your Spells              Type           Power        Failure   Level  Hunger
a - Blink                 Tloc           N/A          24%         2    ###....

Your spell library contained the following spells:

 Spells                   Type           Power        Failure   Level  Hunger
 Corona                   Hex            #......      16%         1    ##.....
 Flame Tongue             Conj/Fire      #....        16%         1    ##.....
 Magic Dart               Conj           #...         16%         1    ##.....
 Call Imp                 Summ           #.......     24%         2    ###....
 Slow                     Hex            #.......     24%         2    ###....
 Throw Flame              Conj/Fire      #.....       24%         2    ###....
 Conjure Flame            Conj/Fire      #.......     43%         3    ####...
 Ignite Poison            Fire/Tmut/Pois #.......     43%         3    ####...
 Inner Flame              Hex/Fire       #.......     43%         3    ####...
 Mephitic Cloud           Conj/Pois/Air  #.......     43%         3    ####...
 Portal Projectile        Hex/Tloc       #.....       43%         3    ####...
 Cause Fear               Hex            #.........   83%         4    #####..
 Leda's Liquefaction      Hex/Erth       #.........   83%         4    #####..
 Sticky Flame             Conj/Fire      #.......     83%         4    #####..
 Fireball                 Conj/Fire      #.........   99%         5    ######.
 Bolt of Fire             Conj/Fire      #.........   100%        6    #######
 Ring of Flames           Chrm/Fire      #.........   100%        7    #######
 Ignition                 Fire           #.........   100%        8    #######


Dungeon Overview and Level Annotations

Branches:
Dungeon (11/15)            Temple (1/1) D:6            Lair (2/6) D:11
    Orc (0/2) D:9
  Swamp: Lair:2-4    Shoals: Lair:2-4     Snake: Lair:2-4    Spider: Lair:2-4

Altars:
Ashenzari
Cheibriados
Dithmenos
Elyvilon
Fedhas
Gozag
Hepliaklqana
Kikubaaqudgha
Makhleb
Nemelex Xobeh
Okawaru
Qazlal
Ru
Sif Muna
Trog
Uskayaw
Vehumet
Wu Jian
Xom
Yredelemnul
Zin
The Shining One

Annotations:
D:8 exclusion: oklob plant


Innate Abilities, Weirdness & Mutations

You cannot wear boots.
Your serpentine skin is tough. (AC +4)
You have supernaturally acute eyesight. (SInv)
Armour fits poorly on your strangely shaped body.
Your system is resistant to poisons. (rPois)
You cover ground very slowly.
You have a slow metabolism.
You can spit poison.


Message History

The dire elephant tramples you!!
You hold your ground!
The dire elephant completely misses you.
The catoblepas gores you. The rime drake bites you.
The dire elephant tramples you!!
* * * LOW HITPOINT WARNING * * *
You hold your ground!
The dire elephant trunk-slaps you.
* * * LOW HITPOINT WARNING * * *
The catoblepas gores you!
* * * LOW HITPOINT WARNING * * *
The rime drake bites you but does no damage.
The ice encasing you melts away.
The dire elephant tramples you but does no damage.
The dire elephant trunk-slaps you but does no damage.
The rime drake bites you but does no damage.
The catoblepas gores you!
* * * LOW HITPOINT WARNING * * *
The rime drake bites you. The dire elephant tramples you!!
* * * LOW HITPOINT WARNING * * *
You hold your ground!
The dire elephant trunk-slaps you.
You die...

..[.........♣ ♣P.....≈≈≈≈≈≈......
#...........♣♣♣♣♣P...≈≈≈≈≈......P
P............♣ ♣P...≈≈≈≈≈≈≈.....
#...........♣♣ ♣♣♣...≈P≈≈≈≈≈....
............♣ ♣♣♣P≈P≈≈≈≈≈≈...
P..........♣♣ ♣♣♣♣ ♣♣♣♣♣≈≈≈≈≈..
............♣♣♣♣♣≈≈♣♣♣PP♣♣≈≈≈P≈..
...........♣♣♣Pk≈≈≈≈P≈≈≈P≈≈≈≈≈≈..
...........♣♣≈≈Y@≈≈≈≈≈≈≈≈≈≈≈≈≈...
..........♣♣♣≈≈YP≈≈≈♣≈♣♣≈≈≈≈≈♣♣.♣
..........♣ ♣≈≈♣♣♣♣##♣♣.♣♣#♣♣♣.#♣
P#.###....♣ #'## ##.# ##.#
#####.###♣♣ #≈≈# #### ### ###
#≈≈§≈ ≈≈Y≈# ≈≈Y #≈≈≈≈≈≈
≈≈≈#≈≈##≈Y= #≈≈≈##≈Y≈≈≈≈##≈≈#≈≈.[
#≈≈≈. ≈≈≈≈# ≈≈≈≈≈≈.


You could see a dire elephant, a catoblepas and a rime drake.

Vanquished Creatures
  2 two-headed ogres
  The ghost of MalarOregon the Thaumaturge, a novice DrCj (D:7)
  Pikel (D:9)
  A cyclops (D:11)
  Maurice (D:8)
  2 elephants (Lair:2)
  Joseph (D:9)
  Psyche (D:9)
  3 spiny frogs (Lair:2)
  A komodo dragon (Lair:2)
  4 trolls (D:11)
  A polar bear (Lair:2)
  3 blink frogs (Lair:2)
  Prince Ribbit (D:9)
  2 hippogriffs
  A vampire (D:11)
  A spriggan (D:7)
  A wyvern (D:10)
  17 yaks
  2 hungry ghosts
  A steam dragon (D:10)
  Grum (D:11)
  A warg (D:9)
  An acid dragon (D:11)
  A soldier ant (D:11)
  7 porcupines
  3 water moccasins
  4 ice beasts
  2 black bears
  7 orc warriors
  2 hornet zombies
  2 sky beasts
  A necrophage (D:11)
  A phantom (D:4)
  9 wolves
  5 centaurs
  4 ogres
  3 crocodiles
  2 big kobolds
  14 bullfrogs
  3 scorpions
  7 killer bees
  8 wights (D:6)
  2 electric eels (Lair:1)
  4 crimson imps
  2 centaur zombies
  A quasit (D:7)
  12 jellies
  9 orc priests
  5 hounds
  3 centaur skeletons
  9 iguanas
  8 worker ants
  14 orc wizards
  A killer bee zombie (D:4)
  3 worker ant zombies
  4 gnolls
  A howler monkey skeleton (D:10)
  9 adders
  5 shadow imps
  16 oozes
  An adder zombie (D:7)
  2 worms
  A dart slug (D:3)
  4 leopard geckos
  42 orcs
  2 ball pythons
  10 bats
  5 giant cockroaches
  10 goblins
  3 hobgoblins
  5 jackals
  2 quokkas
  6 frilled lizards
  16 kobolds
  9 rats
362 creatures vanquished.

Vanquished Creatures (others)
  3 slaves (D:9)
  A scorpion (D:9)
  An orc (D:9)
  A frilled lizard (D:2)
  A kobold (D:9)
  8 fungi
  2 plants
  7 toadstools (Lair:2)
24 creatures vanquished.

Grand Total: 386 creatures vanquished

Notes
Turn   | Place    | Note
-------+----------+-------------------------------------------
     0 | D:1      | Glamhuggeren the Naga Fighter began the quest for the Orb.
     0 | D:1      | Reached XP level 1. HP: 21/21 MP: 1/1
   362 | D:1      | Reached skill level 1 in Stealth
   362 | D:1      | Reached XP level 2. HP: 25/28 MP: 2/2
   780 | D:1      | Reached XP level 3. HP: 22/34 MP: 3/3
  1278 | D:2      | Found a white marble altar of Elyvilon.
  1286 | D:2      | Became a worshipper of Elyvilon the Healer
  1636 | D:2      | Reached XP level 4. HP: 40/42 MP: 4/4
  1880 | D:2      | Reached skill level 3 in Polearms
  1880 | D:2      | Reached XP level 5. HP: 48/49 MP: 5/5
  2163 | D:3      | Reached * piety under Elyvilon
  2553 | D:4      | Reached XP level 6. HP: 54/56 MP: 6/6
  2560 | D:4      | Noticed a phantom
  2600 | D:4      | Killed a phantom
  2600 | D:4      | Reached skill level 5 in Stealth
  2684 | D:4      | Reached skill level 4 in Polearms
  2838 | D:4      | Reached ** piety under Elyvilon
  2947 | D:4      | Reached XP level 7. HP: 50/62 MP: 7/7
  3330 | D:5      | Entered Level 5 of the Dungeon
  3341 | D:5      | Found a blossoming altar of Fedhas.
  3498 | D:5      | Got a transparent spear
  3499 | D:5      | Identified the +7 spear of Wu Jian's Regard {drain, MP+9
                  | Str+4} (You found it on level 5 of the Dungeon)
  3500 | D:5      | Fell from the grace of Elyvilon
  3653 | D:5      | Reached skill level 5 in Polearms
  4051 | D:6      | Reached skill level 5 in Armour
  4328 | D:6      | Reached skill level 6 in Polearms
  4328 | D:6      | Reached XP level 8. HP: 66/69 MP: 8/8
  4393 | D:6      | Found a staircase to the Ecumenical Temple.
  4400 | Temple   | Entered the Ecumenical Temple
  4409 | Temple   | Became a worshipper of Cheibriados the Contemplative
  4549 | D:6      | Reached skill level 7 in Polearms
  4742 | D:6      | Reached skill level 8 in Polearms
  4761 | D:6      | Learned a level 2 spell: Blink
  4970 | D:7      | Found a runed translucent door.
  5056 | D:7      | Reached skill level 9 in Polearms
  5095 | D:7      | Reached * piety under Cheibriados
  5095 | D:7      | Reached XP level 9. HP: 72/75 MP: 9/9
  5204 | D:7      | Reached skill level 10 in Polearms
  5663 | D:7      | Reached skill level 11 in Polearms
  5814 | D:7      | Noticed MalarOregon's ghost (novice DrCj)
  5840 | D:7      | Killed MalarOregon's ghost
  5840 | D:7      | Reached ** piety under Cheibriados
  6022 | D:8      | Noticed an oklob plant
  6029 | D:8      | Reached skill level 12 in Polearms
  6029 | D:8      | Reached XP level 10. HP: 84/84 MP: 10/10
  6190 | D:8      | Reached skill level 1 in Invocations
  6414 | D:8      | Noticed a two-headed ogre
  6424 | D:8      | Killed a two-headed ogre
  6578 | D:8      | Reached *** piety under Cheibriados
  6962 | D:9      | Noticed Maurice
  6977 | D:8      | Killed Maurice
  6993 | D:9      | Noticed Pikel
  7039 | D:9      | Found a sparkling altar of Nemelex Xobeh.
  7039 | D:9      | Noticed Prince Ribbit
  7040 | D:9      | Noticed Joseph
  7046 | D:9      | Reached skill level 5 in Shields
  7051 | D:9      | Killed Prince Ribbit
  7059 | D:9      | Killed Joseph
  7123 | D:9      | Noticed Psyche
  7132 | D:9      | Reached skill level 5 in Fighting
  7163 | D:9      | Killed Psyche
  7163 | D:9      | Reached **** piety under Cheibriados
  7194 | D:9      | Found a staircase to the Orcish Mines.
  7211 | D:9      | Killed Pikel
  7211 | D:9      | Reached XP level 11. HP: 96/96 MP: 14/14
  7233 | D:9      | Reached skill level 5 in Invocations
  7458 | D:9      | Reached ***** piety under Cheibriados
  7537 | D:9      | Found a snail-covered altar of Cheibriados.
  7728 | D:10     | Entered Level 10 of the Dungeon
  7729 | D:10     | Noticed a two-headed ogre
  7737 | D:10     | Killed a two-headed ogre
  8415 | D:11     | Found a shimmering altar of Xom.
  8444 | D:11     | Noticed Grum
  8459 | D:11     | Killed Grum
  8681 | D:11     | Reached XP level 12. HP: 109/109 MP: 17/17
  8703 | D:11     | Found a staircase to the Lair.
  8893 | D:11     | Reached ****** piety under Cheibriados
  9102 | Lair:1   | Entered Level 1 of the Lair of Beasts
 10361 | Lair:2   | Noticed a catoblepas
 10361 | Lair:2   | Noticed a dire elephant
 10381 | Lair:2   | Found a runed translucent door.
 10432 | Lair:2   | HP: 1/114 [dire elephant (12)]
 10432 | Lair:2   | Slain by a dire elephant

Skill      XL: |  1  2  3  4  5  6  7  8  9 10 11 12 |
---------------+-------------------------------------+-----
Stealth        | 1 2 3 4 5 |  5.1
Armour         | 3 4 5 |  5.0
Shields        | 3 6 8 9 |  9.0
Polearms       | 3 4 6 9 12 | 12.0
Invocations    | 4 7 9 |  9.5
Fighting       | 5 7 9 |  9.3

Action                   |  1- 3 |  4- 6 |  7- 9 | 10-12 || total
-------------------------+-------+-------+-------+-------++-------
Melee: Trident           |   170 |   272 |    28 |       ||   470
       Spear             |       |       |   256 |   772 ||  1028
 Fire: Hunting sling     |       |       |       |     8 ||     8
Throw: Stone             |     2 |    13 |     6 |     9 ||    30
       Tomahawk          |       |     5 |     2 |     2 ||     9
       Throwing net      |       |     1 |       |       ||     1
Invok: Renounce Religion |       |       |     1 |       ||     1
 Abil: Spit Poison       |       |       |     2 |       ||     2
       Evoke Flight      |       |       |       |     2 ||     2
Evoke: Wand              |       |       |       |     1 ||     1
  Use: Potion            |     1 |       |     2 |     2 ||     5
       Scroll            |     5 |       |     8 |     7 ||    20
 Stab: Sleeping          |       |     1 |     7 |    23 ||    31
       Invisible         |       |       |     8 |     4 ||    12
       Distracted        |       |       |       |     6 ||     6
       Petrified         |       |       |       |     6 ||     6
       Petrifying        |       |       |       |     3 ||     3
  Eat: Chunk             |     2 |     4 |     8 |    12 ||    26
       Ration            |       |       |       |     1 ||     1
Armor: Scale mail        |    63 |   210 |    78 |    42 ||   393
       Ring mail         |       |       |       |    63 ||    63
       Troll leather arm |       |       |       |    54 ||    54
Dodge: Dodged            |    42 |    90 |    43 |    71 ||   246
Block: Shield            |    33 |       |       |   242 ||   275
       Buckler           |    12 |    64 |    23 |     4 ||   103
